 Dungeon Crawl Stone Soup version 0.22-a0-161-g198051c (webtiles) character file.

52 KristoblXynda the Covered (level 3, 0/31 HPs)
             Began as a Hill Orc Fighter on Feb 11, 2018.
             Slain by a worm (5 damage)
             ... on level 2 of the Dungeon.
             The game lasted 00:01:57 (805 turns).

KristoblXynda the Covered (Hill Orc Fighter)         Turns: 805, Time: 00:01:58

Health: 0/31       AC:  6    Str: 18    XL:     3   Next: 85%
Magic:  3/3        EV:  8    Int:  9    God:
Gold:   54         SH:  9    Dex: 10    Spells: 2/2 levels left

rFire    + . .     SeeInvis .   a - +0 long sword
rCold    . . .     Gourm    .   c - +0 shield
rNeg     . . .     Faith    .   h - +2 leather armour {rF+}
rPois    .         Spirit   .   k - +0 helmet
rElec    .         Reflect  .   g - scarf {repulsion}
rCorr    .         Harm     .   (no gloves)
MR       .....                  (no boots)
Stlth    +.........             (no amulet)
HPRegen  0.10/turn              (no ring)
MPRegen  0.08/turn              (no ring)

@: repel missiles
A: no striking features
a: no special abilities


You were on level 2 of the Dungeon.
You were not hungry.

You visited 1 branch of the dungeon, and saw 2 of its levels.

You collected 54 gold pieces.

Inventory:

Hand Weapons
 a - a +0 long sword (weapon)
Armour
 c - a +0 shield (worn)
 g - a scarf of repulsion (worn)
 h - a +2 leather armour of fire resistance (worn)
 k - a +0 helmet (worn)
Jewellery
 m - an uncursed amulet of magic regeneration {unknown}
Scrolls
 e - 2 scrolls of teleportation {unknown}
 i - a scroll of noise {unknown}
 l - a scroll of remove curse {unknown}
 n - a scroll of immolation {unknown}
Potions
 b - a potion of cancellation {unknown}
 d - a potion of might
 j - a potion of haste {unknown}
 o - a potion of heal wounds {unknown}
Comestibles
 f - a ration


   Skills:
 - Level 3.6 Fighting
 * Level 3.5 Long Blades
 + Level 3.8 Armour
 + Level 3.8 Shields


You had 2 spell levels left.
You didn't know any spells.

Dungeon Overview and Level Annotations

Branches:
Dungeon (2/15)

Altars:


Message History

The worm is heavily wounded.
You hit the worm.
The worm is heavily wounded.
The worm closely misses you.
You barely miss the worm.
The worm is heavily wounded.
You block the worm's attack.
You hit the worm.
The worm is severely wounded.
The worm bites you!
* * * LOW HITPOINT WARNING * * *
You hit the worm.
The worm is almost dead.
The worm closely misses you.
A jackal comes into view.
Your shield prevents you from hitting the worm.
The worm is almost dead.
The jackal barks!
You hear a bark!
The worm bites you.
You die...

######(..(.().##.......#
.# ###†##.).)......# .#
#.#####.......#..# .#
#..# ###......... .#
##.## ##....#..#.
.########..####.>#.......
.............#...##.##.#.
##########.............#
###..##@##.....
..>....w....###
.....##.##.##
...............#
................
......h........
......<.......[
.....h.........
.........$.....


You could see a worm and 2 jackals.

Vanquished Creatures
  An adder (D:2)
  2 dart slugs (D:1)
  6 goblins
  2 hobgoblins
  10 jackals
  A quokka (D:2)
  A ball python (D:1)
  3 bats (D:1)
  4 frilled lizards (D:1)
  4 kobolds
  3 rats (D:1)
37 creatures vanquished.

Notes
Turn   | Place    | Note
-------+----------+-------------------------------------------
     0 | D:1      | KristoblXynda the Hill Orc Fighter began the quest for the Orb.
     0 | D:1      | Reached XP level 1. HP: 19/19 MP: 1/1
   116 | D:1      | Reached XP level 2. HP: 25/26 MP: 2/2
   437 | D:1      | Reached XP level 3. HP: 31/31 MP: 3/3
   805 | D:2      | Slain by a worm

Vault maps used:
D:1:      dpeg_arrival_pits
D:2:      marbit_many_paths, serial_forest, infiniplex_forest_straight_4,
          infiniplex_forest_lined_3_way, infiniplex_forest_end_2,
          infiniplex_forest_clump_cross, infiniplex_forest_straight_3,
          infiniplex_forest_corner_1, infiniplex_forest_clump_long, uniq_robin

Skill      XL: |  1  2 |
---------------+-------+-----
Long Blades    | 3 |  3.5
Fighting       | |  3.6
Armour         | |  3.8
Shields        | |  3.8

Action                   || total
-------------------------++-------
Melee: Long sword        ||   113
Armor: Scale mail        ||    13
       Leather armour    ||    29
Dodge: Dodged            ||    50
       Deflected         ||     1
Block: Shield            ||    72
       Rpst.: Long sword ||    22

Table legend:
 A = Spawn XP
 B = Non-spawn XP
 C = Spawn XP percentage of total XP
 D = Spawn monster count
 E = Non-spawn monster count
 F = Spawn count percentage of total count
 G = Total turns spent on level
                    A         B        C        D         E        F      G
               +---------+---------+-------+---------+---------+-------+---------
         Total |       0 |      75 |   0.0 |       0 |      37 |   0.0 |   805
               +---------+---------+-------+---------+---------+-------+---------
           D:1 |       0 |      36 |   0.0 |       0 |      22 |   0.0 |   672
           D:2 |       0 |      39 |   0.0 |       0 |      15 |   0.0 |   133
               +---------+---------+-------+---------+---------+-------+---------
